 Dungeon Crawl Stone Soup version 0.22.1-2-g9c5b331 (webtiles) character file.

62892 thomasnlv21 the Fighter (level 14, 0/133 HPs)
             Began as a Minotaur Berserker on Nov 18, 2018.
             Was the Champion of Trog.
             Succumbed to a spiny frog's poison
             ... on level 6 of the Lair of Beasts.
             The game lasted 01:19:21 (22568 turns).

thomasnlv21 the Fighter (Minotaur Berserker)       Turns: 22568, Time: 01:19:21

Health: 0/133      AC: 29    Str: 26    XL:     14   Next: 66%
Magic:  13/13      EV: 15    Int:  4    God:    Trog [******]
Gold:   1244       SH:  5    Dex: 13    Spells: 13/13 levels left

rFire    . . .     SeeInvis .   M - +2 great mace (protect)
rCold    . . .     Gourm    .   (shield currently unavailable)
rNeg     . . .     Faith    .   J - +0 plate armour
rPois    .         Spirit   .   (helmet restricted)
rElec    .         Reflect  +   (no cloak)
rCorr    .         Harm     .   L - +0 pair of gloves
MR       +....                  (no boots)
Stlth    ..........             b - +5 amulet of reflection
HPRegen  0.32/turn              N - ring of stealth
MPRegen  0.13/turn              r - ring of flight

@: lethally poisoned (0 -> -11), protection aura, very slightly contaminated
A: retaliatory headbutt, horns 2, slimy green scales 1, thin metallic scales 1,
strong 1
a: Berserk, Trog's Hand, Brothers in Arms, Renounce Religion, Evoke Flight


You were on level 6 of the Lair of Beasts.
You worshipped Trog.
Trog was exalted by your worship.
You were not hungry.

You visited 3 branches of the dungeon, and saw 20 of its levels.

You collected 1244 gold pieces.

Inventory:

Hand Weapons
 m - the +12 Vampire's Tooth {vamp}
   (You found it on level 6 of the Dungeon)

   It inflicts no extra harm, but heals its wielder when it wounds a living foe.
 p - a +3 vampiric war axe
 H - a +3 triple crossbow of flaming
 M - a +2 great mace of protection (weapon)
 Q - a +2 antimagic hand axe
Armour
 x - a +2 ring mail of poison resistance
 z - the +0 ring mail "Foriple" {Str+2 Dex+4}
   (You found it on level 8 of the Dungeon)

   It affects your strength (+2).
   It affects your dexterity (+4).
 E - a +2 scale mail of fire resistance
 G - a +0 large shield
 J - a +0 plate armour (worn)
 L - a +0 pair of gloves (worn)
 O - a +0 shield
 T - +0 acid dragon scales
Jewellery
 b - a +5 amulet of reflection (around neck)
 n - an uncursed ring of resist corrosion
 r - a ring of flight (right hand)
 N - a ring of stealth (left hand)
Wands
 a - a wand of iceblast (9)
 q - a wand of flame (72)
 y - a wand of enslavement (11)
 A - a wand of digging (13)
 C - a wand of paralysis (12)
 D - a wand of polymorph (18)
 I - a wand of disintegration (20)
 S - a wand of acid (10)
Scrolls
 g - 9 scrolls of enchant armour
 j - 12 scrolls of teleportation
 o - 6 scrolls of identify
 t - 5 scrolls of remove curse
 u - a scroll of blinking
 v - 2 scrolls of enchant weapon
 w - 2 scrolls of fog
Potions
 d - a potion of mutation
 e - 4 potions of curing
 f - 7 potions of might
 h - 6 potions of flight
 i - 3 potions of brilliance
 k - a potion of degeneration
 l - 3 potions of agility
 B - 2 potions of magic
 F - 2 potions of lignification
 K - 6 potions of heal wounds
 P - a potion of invisibility
Miscellaneous
 s - a sack of spiders
Comestibles
 c - 15 rations


   Skills:
 + Level 14.9 Fighting
 + Level 14.7 Axes
 + Level 14.6 Armour
 + Level 13.6 Dodging
 + Level 9.5 Shields


You had 13 spell levels left.
You didn't know any spells.
Your spell library was empty.

Dungeon Overview and Level Annotations

Branches:
Dungeon (13/15)            Temple (1/1) D:7            Lair (6/6) D:11
  Swamp (0/4) Lair:3       Spider (0/4) Lair:2        Slime (0/5) Lair:5
    Orc (0/2) D:12
 Vaults: D:13-14

Altars:
Ashenzari
Cheibriados
Dithmenos
Elyvilon
Fedhas
Gozag
Hepliaklqana
Kikubaaqudgha
Makhleb
Nemelex Xobeh
Okawaru
Qazlal
Ru
Sif Muna
Trog
Uskayaw
Vehumet
Wu Jian
Xom
Yredelemnul
Zin
The Shining One
Jiyva
Lugonu

Shops:
D:4 %=[*   D:6 [

Portals:
Trove: D:12 (show slimy rune of Zot)


Innate Abilities, Weirdness & Mutations

You reflexively headbutt those who attack you in melee.
You have a pair of horns on your head.
You are partially covered in slimy green scales. (AC +2)
You are partially covered in thin metallic scales. (AC +2)
Your muscles are strong. (Str +2)


Message History

The spiny frog poisons you!
You sock the spiny frog! You headbutt the spiny frog.
The spiny frog is almost dead.
* * * LOW HITPOINT WARNING * * *
You feel sick.
The water moccasin bites you but does no damage.
The spiny frog stings you but does no damage.
The water moccasin bites you but does no damage.
The spiny frog stings you but does no damage.
You barely miss the spiny frog.
You headbutt the spiny frog, but do no damage.
The spiny frog is almost dead.
* * * LOW HITPOINT WARNING * * *
You feel sick. The water moccasin closely misses you. You furiously retaliate!
You headbutt the water moccasin! The spiny frog barely misses you.
The water moccasin bites you but does no damage.
You closely miss the spiny frog. You headbutt the spiny frog.
You kill the spiny frog!
Trog accepts your kill.
You die...

#####.#.##..P........##
.#..#..##.....#P....#.#
......................#
......................#
.÷....................##
.<.....................#
.......................#
......................#.#
...............?@†.....#
...............S.......#
......................##
......................#
......................#
...................../.#
......................#.#
#......#..#....##########
########


You could see a water moccasin.

Vanquished Creatures
  Kirke (Lair:4)
  Snorg (Lair:6)
  5 hydras
  5 death yaks
  3 two-headed ogres
  An orc high priest (D:8)
  A deep elf knight (D:13)
  The ghost of smtktc the Destroyer, a novice DECj of Sif Muna (D:8)
  2 unseen horrors
  A swamp dragon (Lair:6)
  An orc sorcerer (D:12)
  3 cyclopes
  2 manticores (D:13)
  An ugly thing (D:10)
  5 elephants (Lair:5)
  Joseph (D:8)
  4 black mambas
  10 spiny frogs
  Psyche (D:10)
  3 gargoyles
  8 komodo dragons
  3 rime drakes
  10 polar bears
  A troll (shapeshifter) (D:13)
  3 trolls
  2 hornets
  A jumping spider (Lair:2)
  Grinder (D:5)
  Prince Ribbit (Lair:3)
  23 blink frogs
  4 dream sheep (Lair:5)
  9 hippogriffs
  3 centaur simulacra (D:12)
  2 redbacks (Lair:2)
  Sigmund (D:2)
  A human (D:7)
  A wyvern (D:11)
  A wraith (D:11)
  10 hogs
  A water elemental (D:12)
  43 yaks
  2 hungry ghosts
  2 steam dragons
  Edmund (D:4)
  2 vampire mosquitoes (Lair:3)
  8 water moccasins
  A soldier ant (D:11)
  An acid dragon (Lair:6)
  15 porcupines
  9 orc warriors
  7 ice beasts
  4 sky beasts
  5 black bears
  5 phantoms
  6 ogres
  2 necrophages
  2 wolves (D:12)
  4 centaurs
  10 crocodiles
  An eye of draining (D:12)
  A big kobold (D:11)
  Blork the orc (D:5)
  18 bullfrogs
  2 gnoll sergeants
  A wyvern zombie (D:13)
  A water moccasin skeleton (D:8)
  2 scorpions
  22 killer bees
  2 troll zombies (D:12)
  7 howler monkeys
  3 electric eels
  6 crimson imps
  2 bullfrog zombies
  3 centaur zombies
  2 quasits
  2 wyvern simulacra (D:12)
  8 jellies
  5 bullfrog skeletons
  9 orc priests
  13 hounds
  21 orc wizards
  4 centaur skeletons
  Jessica (D:2)
  5 iguanas
  6 worker ants
  4 ogre zombies (D:12)
  A bullfrog simulacrum (D:12)
  3 hound skeletons
  23 gnolls
  15 adders
  3 shadow imps
  4 white imps (D:12)
  An ufetubus (D:12)
  2 oozes
  An adder zombie (D:8)
  4 worms
  3 dart slugs
  4 leopard geckos
  70 orcs
  12 giant cockroaches
  12 goblins
  10 hobgoblins
  10 jackals
  11 kobolds
  7 quokkas
  3 ball pythons
  8 bats
  10 frilled lizards
  3 goblin zombies (D:12)
  2 hobgoblin skeletons (D:12)
  2 orc skeletons (D:12)
  12 orc zombies (D:12)
  6 rats
  3 fungi
  4 plants
668 creatures vanquished.

Vanquished Creatures (collateral kills)
  A catoblepas (Lair:6)
  A lindwurm (Lair:6)
  A polar bear (Lair:6)
  An acid dragon (Lair:6)
  A crocodile (Lair:6)
  An electric eel (Lair:6)
6 creatures vanquished.

Vanquished Creatures (others)
  A komodo dragon (Lair:6)
  A swamp drake (Lair:6)
  A fungus (Lair:4)
  9 plants (Lair:6)
12 creatures vanquished.

Grand Total: 686 creatures vanquished

Notes
Turn   | Place    | Note
-------+----------+-------------------------------------------
     0 | D:1      | thomasnlv21 the Minotaur Berserker began the quest for the
                  | Orb.
     0 | D:1      | Reached XP level 1. HP: 19/19 MP: 0/0
   120 | D:1      | Reached XP level 2. HP: 12/27 MP: 1/1
   635 | D:1      | Reached XP level 3. HP: 19/33 MP: 2/2
   883 | D:1      | Found a shimmering altar of Xom.
  1255 | D:2      | Reached ** piety under Trog
  1296 | D:2      | Noticed Jessica
  1312 | D:2      | Reached XP level 4. HP: 23/41 MP: 3/3
  1324 | D:2      | Killed Jessica
  1568 | D:2      | Gained mutation: Your muscles are strong. (Str +2) [potion
                  | of mutation]
  1568 | D:2      | Gained mutation: You are partially covered in slimy green
                  | scales. (AC +2) [potion of mutation]
  1568 | D:2      | Gained mutation: You are partially covered in thin metallic
                  | scales. (AC +2) [potion of mutation]
  1628 | D:2      | Noticed Sigmund
  1638 | D:2      | Killed Sigmund
  1638 | D:2      | Reached skill level 5 in Fighting
  1638 | D:2      | Reached skill level 5 in Axes
  1638 | D:2      | Reached XP level 5. HP: 48/48 MP: 4/4
  1638 | D:2      | Reached XP level 6. HP: 56/56 MP: 5/5
  2095 | D:2      | Found a deep blue altar of Sif Muna.
  2342 | D:3      | Reached *** piety under Trog
  2717 | D:3      | Found a blossoming altar of Fedhas.
  2878 | D:4      | Reached skill level 5 in Armour
  2878 | D:4      | Reached XP level 7. HP: 54/62 MP: 6/6
  2920 | D:4      | Found Ucucreifu's Jewellery Boutique.
  2946 | D:4      | Found a shadowy altar of Dithmenos.
  3033 | D:4      | Found Icucvezani's Armour Emporium.
  3211 | D:4      | Found Xoxis's General Store.
  3254 | D:4      | Found a shadowy altar of Dithmenos.
  3280 | D:4      | Noticed Edmund
  3298 | D:4      | Reached skill level 5 in Dodging
  3314 | D:4      | Killed Edmund
  3387 | D:4      | Found a white marble altar of Elyvilon.
  3407 | D:4      | Found Teysea's Food Shoppe.
  3927 | D:4      | Found a hazy altar of Hepliaklqana.
  3928 | D:4      | Found a shattered altar of Ashenzari.
  3928 | D:4      | Found a glowing golden altar of the Shining One.
  4005 | D:5      | Entered Level 5 of the Dungeon
  4058 | D:5      | Noticed Grinder
  4068 | D:5      | Paralysed by Grinder for 7 turns
  4088 | D:5      | Reached XP level 8. HP: 62/71 MP: 7/7
  4105 | D:5      | Killed Grinder
  4105 | D:5      | Reached **** piety under Trog
  5016 | D:5      | Noticed Blork the orc
  5025 | D:5      | Killed Blork the orc
  5278 | D:5      | Found a shimmering altar of Xom.
  5536 | D:6      | Found the +12 Vampire's Tooth {vamp}
  5538 | D:6      | Noticed a gargoyle
  5543 | D:6      | Found a bloodstained altar of Trog.
  5563 | D:6      | Found a transporter.
  5668 | D:6      | Reached XP level 9. HP: 81/81 MP: 8/8
  5734 | D:6      | Found a basalt altar of Yredelemnul.
  5763 | D:6      | Found Fughesac's Antique Armour Emporium.
  6592 | D:6      | Found a transporter.
  6621 | D:6      | Killed a gargoyle
  6890 | D:7      | Reached ***** piety under Trog
  6930 | D:7      | Found a staircase to the Ecumenical Temple.
  7207 | Temple   | Entered the Ecumenical Temple
  7845 | D:7      | Reached XP level 10. HP: 89/91 MP: 9/9
  8362 | D:8      | Noticed Joseph
  8376 | D:8      | Found an opulent altar of Gozag.
  8379 | D:8      | Found a runed gate.
  8389 | D:8      | Killed Joseph
  8389 | D:8      | Reached skill level 10 in Fighting
  8389 | D:8      | Reached skill level 10 in Axes
  8428 | D:8      | Got a jewelled ring mail
  8446 | D:8      | Identified the +0 ring mail "Foriple" {Str+2 Dex+4} (You
                  | found it on level 8 of the Dungeon)
  8461 | D:8      | Found a runed gate.
  8462 | D:8      | Found a runed gate.
  8467 | D:8      | Noticed an orc high priest
  8467 | D:8      | Noticed smtktc's ghost (novice DECj)
  8534 | D:8      | Received a gift from Trog
  8534 | D:8      | Reached skill level 10 in Armour
  9097 | D:8      | Killed an orc high priest
  9097 | D:8      | Killed smtktc's ghost
  9097 | D:8      | Reached XP level 11. HP: 101/101 MP: 10/10
  9209 | D:9      | Found a burning altar of Makhleb.
  9231 | D:9      | Noticed a cacodemon
  9909 | D:9      | Reached skill level 10 in Dodging
  9961 | D:10     | Entered Level 10 of the Dungeon
 10092 | D:10     | Reached ****** piety under Trog
 10094 | D:10     | Noticed Psyche
 10145 | D:10     | Killed Psyche
 10708 | D:10     | Noticed a cyan ugly thing
 10716 | D:10     | Killed a cyan ugly thing
 11071 | D:11     | Noticed a death yak
 11079 | D:11     | Noticed a death yak
 11084 | D:11     | Killed an unseen horror
 11087 | D:11     | Noticed a death yak
 11088 | D:11     | Killed a death yak
 11539 | D:11     | Received a gift from Trog
 11694 | D:11     | Killed a death yak
 11700 | D:11     | Killed a death yak
 11700 | D:11     | Reached XP level 12. HP: 112/112 MP: 11/11
 11806 | D:11     | Found a staircase to the Lair.
 11967 | D:11     | Reached skill level 1 in Shields
 12020 | D:11     | Found a basalt altar of Yredelemnul.
 12626 | D:12     | Noticed a two-headed ogre
 12637 | D:12     | Killed a two-headed ogre
 13063 | D:12     | Found a staircase to the Orcish Mines.
 13072 | D:12     | Paralysed by an orc sorcerer for 6 turns
 13654 | D:12     | Received a gift from Trog
 14100 | D:12     | Found a portal to a secret trove of treasure.
 14115 | D:12     | Noticed a two-headed ogre
 14124 | D:12     | Killed a two-headed ogre
 14535 | D:13     | Noticed a six-headed hydra
 14734 | D:13     | Killed a six-headed hydra
 14734 | D:13     | Reached skill level 5 in Shields
 14998 | D:13     | Noticed a six-headed hydra
 15006 | D:13     | Killed a six-headed hydra
 15084 | D:13     | Reached XP level 13. HP: 122/122 MP: 12/12
 16129 | Lair:1   | Entered Level 1 of the Lair of Beasts
 17208 | Lair:2   | Found a hole to the Spider Nest.
 18903 | Lair:3   | Found a staircase to the Swamp.
 19000 | Lair:3   | Noticed Prince Ribbit
 19044 | Lair:3   | Killed Prince Ribbit
 20082 | Lair:4   | Noticed Kirke
 20084 | Lair:4   | Reached XP level 14. HP: 132/132 MP: 13/13
 20097 | Lair:4   | Killed Kirke
 20097 | Lair:4   | Received a gift from Trog
 20676 | Lair:5   | Found a runed door.
 20678 | Lair:5   | Found a viscous altar of Jiyva.
 20680 | Lair:5   | Found a staircase to the Slime Pits.
 20741 | Lair:5   | Received a gift from Trog
 21149 | Lair:6   | Entered Level 6 of the Lair of Beasts
 21212 | Lair:6   | Noticed Snorg
 21228 | Lair:6   | Killed Snorg
 22551 | Lair:6   | HP: 5/133 [poison (poison gas)]
 22565 | Lair:6   | HP: 5/133 [spiny frog (10)]
 22567 | Lair:6   | HP: 1/133 [poisoned by a spiny frog]
 22568 | Lair:6   | Succumbed to a spiny frog's poison

Skill      XL: |  1  2  3  4  5  6  7  8  9 10 11 12 13 14 |
---------------+-------------------------------------------+-----
Axes           | 4 5 6 7 9 10 12 13 14 | 14.7
Fighting       | 4 5 6 7 9 10 12 13 14 | 14.9
Armour         | 3 4 5 7 9 10 11 12 13 14 | 14.6
Dodging        | 3 4 5 6 8 9 11 12 13 | 13.6
Shields        | 5 8 9 |  9.5

Action                   |  1- 3 |  4- 6 |  7- 9 | 10-12 | 13-15 || total
-------------------------+-------+-------+-------+-------+-------++-------
Melee: Hand axe          |    74 |   105 |   190 |       |       ||   369
       Headbutt          |    17 |    18 |    72 |   159 |   162 ||   428
       War axe           |       |       |   123 |   609 |   502 ||  1234
       Morningstar       |       |       |       |    15 |       ||    15
       Great mace        |       |       |       |       |   107 ||   107
Invok: Berserk           |       |     3 |     4 |    10 |     8 ||    25
       Brothers in Arms  |       |       |       |       |     1 ||     1
  Use: Scroll            |     3 |     2 |     6 |     8 |    10 ||    29
       Potion            |     1 |     6 |     1 |     2 |     2 ||    12
  Eat: Chunk             |     1 |     8 |    17 |    18 |    20 ||    64
       Ration            |       |       |     2 |     8 |     4 ||    14
Armor: Animal skin       |    15 |     1 |       |       |       ||    16
       Chain mail        |       |    80 |    78 |       |       ||   158
       Plate armour      |       |       |   116 |   481 |   347 ||   944
Dodge: Dodged            |    52 |    47 |   133 |   455 |   426 ||  1113
Block: Other             |       |       |    56 |   179 |   148 ||   383
       Reflection        |       |       |     4 |     6 |       ||    10
